 Dungeon Crawl Stone Soup version 0.16.2-12-gd0ad4c3 (webtiles) character file.

1187 Theosophistos the Shield-Bearer (level 8, -1/72 HPs)
             Began as a Deep Dwarf Fighter on Oct 24, 2015.
             Slain by an orc
             ... wielding a cursed +0 flail
              (5 damage)
             ... on level 6 of the Dungeon.
             The game lasted 00:23:20 (2435 turns).

Theosophistos the Shield-Bearer (DDFi)              Turns: 2435, Time: 00:23:20

Health: -1/72      AC:  9    Str: 22    XL:     8   Next: 19%
Magic:  9/9        EV: 10    Int:  9    God:
Gold:   222        SH: 10    Dex: 12    Spells: 0 memorised, 7 levels left

rFire  . . .     SeeInvis .     q - +0 war axe
rCold  . . .     Clarity  .     a - +0 ring mail
rNeg   . . .     SustAb   .     c - +0 shield
rPois  +         Gourm    .     v - +0 helmet
rElec  .         Spirit   .     (no cloak)
rCorr  .         Warding  .     k - +1 pair of gloves
rMut   .         Stasis   .     (no boots)
MR     +....                    (no amulet)
Stlth  +.........               (no ring)
                                n - ring of poison resistance

@: non-regenerating, somewhat resistant to hostile enchantments, very unstealthy
A: damage resistance, recharge devices, sense surroundings 1, slow healing 3
a: Device Recharging


You were on level 6 of the Dungeon.
You were not hungry.

You visited 1 branch of the dungeon, and saw 6 of its levels.

You collected 222 gold pieces.

Inventory:

Hand weapons
 l - a +0 hunting sling
 p - a +0 hunting sling
 q - a +0 war axe (weapon)
Missiles
 m - 14 poisoned sling bullets (quivered)
Armour
 a - a +0 ring mail (worn)
 c - a +0 shield (worn)
 k - a +1 pair of gloves (worn)
 v - a +0 helmet (worn)
Jewellery
 n - a ring of poison resistance (left hand)
Magical devices
 d - a wand of heal wounds (0)
 r - a wand of digging (18)
Scrolls
 g - 4 scrolls of identify
 h - a scroll of remove curse
Potions
 e - 2 potions of might
 x - a potion of poison
Books
 w - a book of Debilitation

   Spells                             Type                      Level
   a - Corona                         Hexes                        1
   b - Slow                           Hexes                        2
   c - Inner Flame                    Hexes/Fire                   3
   d - Enslavement                    Hexes                        4
   e - Cause Fear                     Hexes                        4
   f - Leda's Liquefaction            Hexes/Earth                  4
Comestibles
 b - a royal jelly
 f - 2 bread rations
 j - a meat ration
 o - a beef jerky


   Skills:
 + Level 4.1 Fighting
 + Level 5.7 Axes
 + Level 5.7 Armour
 + Level 3.5 Dodging
 + Level 6.5 Shields
 + Level 1.3 Evocations


You had 7 spell levels left.
You didn't know any spells.

Dungeon Overview and Level Annotations

Branches:
Dungeon (6/15)
 Temple: D:4-7

Altars:
Ashenzari
Xom
The Shining One

Shops:
D:6 :

Portals:
Sewer: D:5

Annotations:
D:6 1 runed door


Innate Abilities, Weirdness & Mutations

You are resistant to damage.
You can recharge devices by infusing magical energy.
You passively map a small area around you.
You do not heal naturally.


Message History

* * * LOW HITPOINT WARNING * * *
You closely miss the orc. You block the orc's attack.
You hit the orc but do no damage. The orc closely misses you.
You closely miss the orc. Something hits you.
You barely miss something.
The magic dart hits something.
You hear some strange, mumbled words.
You are confused.
You miss something. Something hits you but does no damage.
You bump into the rock wall.
You repair your equipment.
Something hits you but does no damage.
The puff of flame hits something.
Reactivating autopickup.
You're too confused to move!
You feel less confused. You block the orc's attack.
You closely miss the orc. You block the orc's attack.
You closely miss the orc. The orc hits you with a flail!
You die...

.....## #####.#
####.......... #...##
*......##.#########.......
##+##
#).....##.###.....##.##### ,
#......##.##..._...#.#
#......##.##.......#.## *
###......# ,#+##'##'#.∩# ,
.........#* #.##.##.#.†## ,
!.........#####'##'##'#...# ,
..........)o@........†....#
..........###................
* +**##########
#................ **
########.....#... , , *
#.....#... ,,,* #.....#... ,
, ....... .. * ####....# * ,
, #...


You could see an orc.

Vanquished Creatures
  The ghost of Britaniac the Ruffian, an average NaTm (D:3)
  Menkaure (D:6)
  A black bear (D:6)
  A centaur (D:5)
  An ogre (D:5)
  A giant frog (D:6)
  4 crimson imps
  A centaur skeleton (D:4)
  2 jellies (D:6)
  2 orc wizards (D:4)
  3 worker ants
  A hound skeleton (D:4)
  7 adders
  A shadow imp (D:5)
  A giant mite (D:4)
  2 worms
  A giant gecko (D:3)
  An ooze (D:3)
  12 orcs
  6 bats
  A bat skeleton (D:4)
  5 giant cockroaches
  5 goblins
  9 hobgoblins
  6 jackals
  2 quokkas
  A sheep (D:6)
  A giant gecko zombie (D:5)
  4 kobolds
  7 rats
91 creatures vanquished.

Vanquished Creatures (others)
  An orc wizard (D:6)
1 creature vanquished.

Grand Total: 92 creatures vanquished

Notes
Turn   | Place    | Note
--------------------------------------------------------------
     0 | D:1      | Theosophistos, the Deep Dwarf Fighter, began the quest for the Orb.
     0 | D:1      | Reached XP level 1. HP: 20/20 MP: 1/1
    78 | D:1      | Reached XP level 2. HP: 22/27 MP: 2/2
   327 | D:2      | Reached XP level 3. HP: 13/34 MP: 3/3
   435 | D:3      | Noticed Britaniac's ghost (average NaTm)
   463 | D:3      | Killed Britaniac's ghost
   463 | D:3      | Reached skill level 4 in Armour
   463 | D:3      | Reached XP level 4. HP: 8/42 MP: 4/4
   463 | D:3      | Reached XP level 5. HP: 9/49 MP: 5/5
   463 | D:3      | Reached XP level 6. HP: 10/56 MP: 6/6
   596 | D:3      | Found a glowing golden altar of the Shining One.
  1277 | D:4      | Reached skill level 5 in Shields
  1430 | D:4      | Found a shattered altar of Ashenzari.
  1620 | D:4      | Reached skill level 5 in Armour
  1629 | D:4      | Found a staircase to the Ecumenical Temple.
  1719 | D:5      | Entered Level 5 of the Dungeon
  1731 | D:5      | Reached XP level 7. HP: 35/63 MP: 7/7
  1847 | D:5      | Found a glowing drain.
  2051 | D:5      | Reached skill level 5 in Axes
  2051 | D:5      | Reached skill level 6 in Shields
  2051 | D:5      | Reached skill level 1 in Evocations
  2093 | D:6      | Noticed Menkaure
  2122 | D:6      | HP: 1/94 [Menkaure (8)]
  2123 | D:6      | Killed Menkaure
  2215 | D:6      | Reached XP level 8. HP: 37/72 MP: 9/9
  2323 | D:6      | Found a runed door.
  2324 | D:6      | Found a shimmering altar of Xom.
  2325 | D:6      | Found a runed door.
  2327 | D:6      | Found Pnois' Book Shoppe.
  2337 | D:6      | Found a runed door.
  2337 | D:6      | Found a runed door.
  2337 | D:6      | Found a runed door.
  2364 | D:6      | Found a runed door.
  2435 | D:6      | Slain by an orc

Action                   |  1- 3 |  4- 6 |  7- 9 || total
-------------------------+-------+-------+-------++-------
Melee: War axe           |   115 |   167 |   150 ||   432
Evoke: Wand              |     1 |     3 |     1 ||     5
  Use: Potion            |     1 |       |     8 ||     9
       Scroll            |       |       |     6 ||     6
  Eat: Meat ration       |       |     1 |       ||     1
       Bread ration      |       |     1 |       ||     1
